 Dungeon Crawl Stone Soup version 0.30.0-5-g1a98f26d00 (webtiles) character file.

Game seed: 12795838837976370900

798 SnakkuSnakku7 the Basher (level 8, -8/58 HPs)
             Began as a Human Cinder Acolyte on May 13, 2023.
             Was a High Priest of Ignis.
             Mangled by a sleepcap (14 damage)
             ... on level 5 of the Dungeon.
             The game lasted 00:04:58 (3754 turns).

SnakkuSnakku7 the Basher (Human Cinder Acolyte)     Turns: 3754, Time: 00:04:59

Health: -8/58      AC: 11    Str: 19    XL:     8   Next: 13%
Magic:  9/9        EV:  2    Int: 14    God:    Ignis [*****.]
Gold:   9          SH:  0    Dex: 10    Spells: 9/9 levels left

rFire   + . .        a - +0 morningstar
rCold   . . .        (no shield)
rNeg    . . .        h - +0 chain mail
rPois   .            (no helmet)
rElec   .            (no cloak)
rCorr   .            v - +2 pair of gloves {Str+3}
SInv    .            (no boots)
Will    +....        (no amulet) Stlth
                     d - ring of willpower
HPRegen 0.29/turn    (no ring)
MPRegen 0.11/turn

%: no passive effects
@: sleeping
A: no striking features
a: Renounce Religion, Fiery Armour, Foxfire Swarm, Rising Flame


You were on level 5 of the Dungeon.
You worshipped Ignis.
Ignis was extremely pleased with you.
You visited 1 branch of the dungeon, and saw 5 of its levels.

You collected 459 gold pieces.
You spent 450 gold pieces at shops.

Inventory:

Hand Weapons
 a - a +0 morningstar (weapon)
 s - a +0 arbalest
 u - a -1 mace of flaming
 w - a +0 flail of protection
Armour
 b - a +0 robe
 c - a +0 ring mail
 h - a +0 chain mail (worn)
 v - a +2 pair of gloves of strength (worn)
Jewellery
 d - a ring of willpower (left hand)
Wands
 x - a wand of polymorph (13)
Scrolls
 e - a scroll of amnesia {unknown}
 g - 7 scrolls of identify {unknown}
 j - 5 scrolls of magic mapping
 k - a scroll of immolation {unknown}
 l - a scroll of teleportation {unknown}
 m - 3 scrolls of poison {unknown}
 n - a scroll of torment {unknown}
 o - a scroll of vulnerability {unknown}
 p - a scroll of enchant armour {unknown}
 r - a scroll of blinking {unknown}
 t - a scroll of acquirement {unknown}
 y - a scroll of fear
Potions
 f - 2 potions of ambrosia {unknown}
 i - 2 potions of heal wounds {unknown}
 q - a potion of degeneration {unknown}


   Skills:
 - Level 3.0 Fighting
 + Level 9.1 Maces & Flails
 - Level 1.0 Spellcasting
 - Level 3.0 Fire Magic


You had 9 spell levels left.
You didn't know any spells.
Your spell library contained the following spells:

 Spells                   Type           Power      Damage    Failure   Level
 Scorch                   Fire           18%        2d5       75%         2
 Necrotise                Necr           0%         1d4       95%         1
 Blink                    Tloc           0%         N/A       98%         2
 Vampiric Draining        Necr           0%         2d6       100%        3
 Manifold Assault         Tloc           0%         N/A       100%        4
 Agony                    Necr           0%         N/A       100%        5
 Storm Form               Tmut/Air       0%         N/A       100%        7


Dungeon Overview and Level Annotations

Branches:
Dungeon (5/15)             Temple (0/1) D:5

Altars:
Fedhas
Kikubaaqudgha
Vehumet
Yredelemnul

Shops:
D:5 :[*

Annotations:
D:5 3 runed translucent doors, hogiebunz's ghost, weakling SpDe


Message History

You start resting.
You feel sick. x5
You are no longer poisoned.
You start resting.
A sleepcap comes into view.
The sleepcap attacks as you move away!
The sleepcap releases spores at you but does no damage.
There is an open door here.
You hit the sleepcap but do no damage.
The sleepcap releases spores at you but does no damage.
You hit the sleepcap.
The sleepcap is lightly damaged.
The sleepcap barely misses you.
You hit the sleepcap.
The sleepcap is moderately damaged.
The sleepcap releases spores at you but does no damage.
You hit the sleepcap.
The sleepcap is heavily damaged.
The sleepcap releases spores at you.
* * * LOW HITPOINT WARNING * * *
You hit the sleepcap but do no damage.
The sleepcap is heavily damaged.
The sleepcap releases spores at you.
* * * LOW HITPOINT WARNING * * *
You hit the sleepcap but do no damage.
The sleepcap is heavily damaged.
The sleepcap releases spores at you but does no damage.
You hit the sleepcap but do no damage.
The sleepcap is heavily damaged.
The sleepcap barely misses you.
You hit the sleepcap but do no damage.
You punch the sleepcap, but do no damage.
The sleepcap is heavily damaged.
The sleepcap releases spores at you.
* * * LOW HITPOINT WARNING * * *
You are engulfed in a cloud of soporific spores!
You fall asleep.
The sleepcap completely misses you.
The sleepcap releases spores at you but does no damage.
The sleepcap releases spores at you!
You die...

.......# #......# .......#
#......# .......#
#......####### .......#
#######..#...# .......#
#...>.....# .......#
#.........# .......#
#.........# .......#
#.f.......# .......# #
##@####...# .......#
#.##.######+#
.......#....#...........#
.......#....#...........#
.......#....#......)....##
.......#...###...##......#
.......#...#####+##...PP~##
.......#.............~~~~~#
.......#.............~~~~##


You could see a sleepcap.

Vanquished Creatures
  Menkaure (D:5)
  Edmund (D:5)
  2 scorpions (D:5)
  2 hounds
  3 orc priests
  2 jellies (D:3)
  An iguana (D:5)
  An orc wizard (D:5)
  2 sleepcaps (D:4)
  3 adders
  An ufetubus (D:5)
  3 worms
  2 dart slugs (D:1)
  16 orcs
  2 bat zombies (D:3)
  6 endoplasms
  2 giant cockroaches
  4 goblins
  7 hobgoblins
  3 quokkas (D:1)
  4 ball pythons
  8 bats
  2 frilled lizards
  4 kobolds
  3 rats
  A rat zombie (D:3)
86 creatures vanquished.

Vanquished Creatures (others)
  14 foxfires (D:5)
14 creatures vanquished.

Grand Total: 100 creatures vanquished

Notes
Turn   | Place    | Note
-------+----------+-------------------------------------------
     0 | D:1      | SnakkuSnakku7 the Human Cinder Acolyte began the quest for
                  | the Orb.
     0 | D:1      | Reached XP level 1. HP: 18/18 MP: 2/2
   216 | D:1      | Reached XP level 2. HP: 24/24 MP: 3/3
   348 | D:1      | Reached skill level 4 in Maces & Flails
   348 | D:1      | Reached XP level 3. HP: 15/29 MP: 4/4
  1312 | D:3      | Reached XP level 4. HP: 27/35 MP: 5/5
  1478 | D:3      | Found an ancient bone altar of Kikubaaqudgha.
  1574 | D:3      | Reached skill level 5 in Maces & Flails
  1585 | D:3      | Found a blossoming altar of Fedhas.
  1618 | D:3      | Reached XP level 5. HP: 41/41 MP: 6/6
  1648 | D:3      | Found a radiant altar of Vehumet.
  2101 | D:4      | Reached skill level 6 in Maces & Flails
  2262 | D:4      | Found a basalt altar of Yredelemnul.
  2561 | D:4      | Reached XP level 6. HP: 32/47 MP: 7/7
  2901 | D:5      | Entered Level 5 of the Dungeon
  2911 | D:5      | Reached skill level 7 in Maces & Flails
  2929 | D:5      | Noticed an ice beast
  2931 | D:5      | Noticed hogiebunz's ghost (weakling SpDe)
  2933 | D:5      | Noticed an ogre
  2939 | D:5      | Found a runed translucent gate.
  2939 | D:5      | Found a runed translucent gate.
  2939 | D:5      | Found a runed translucent gate.
  3017 | D:5      | Found Pattumun's Book Shop.
  3033 | D:5      | Reached XP level 7. HP: 25/52 MP: 8/8
  3409 | D:5      | Found Cygif's Armour Shoppe.
  3412 | D:5      | Bought a +2 pair of gloves of strength for 301 gold pieces
  3439 | D:5      | Found a staircase to the Ecumenical Temple.
  3449 | D:5      | Noticed Edmund
  3467 | D:5      | Killed Edmund
  3480 | D:5      | Reached skill level 8 in Maces & Flails
  3670 | D:5      | Found Midd's General Store.
  3679 | D:5      | Bought a scroll of magic mapping for 97 gold pieces
  3679 | D:5      | Bought a scroll of fear for 52 gold pieces
  3704 | D:5      | Noticed Menkaure
  3721 | D:5      | Killed Menkaure
  3722 | D:5      | Reached skill level 9 in Maces & Flails
  3722 | D:5      | Reached XP level 8. HP: 12/58 MP: 9/9
  3754 | D:5      | Mangled by a sleepcap

Illustrated notes

Levels and vault maps discovered:
D:1:      matt_arrival_spirals, layout_loops_ring, st_stairs_1,
          minmay_gold_behind_fungi, dreamdust_wishing_well
D:2:      layout_rooms
D:3:      layout_loops_ring, general_overflow_altar, vehumet_crystals,
          lemuel_zombie_altar_kikubaaqudgha
D:4:      layout_basic, yredelemnul_altar_generic, hellmonk_no_cap
D:5:      layout_gridville, minmay_temple_entry_glassed_door, serial_shops,
          nicolae_shop_peninsula, shop, shop, gammafunk_ghost_split,
          serial_bayou_pond_d, pf_guarded_unrand_meek, uniq_edmund,
          uniq_menkaure

Skill      XL: |  1  2  3  4  5  6  7 |
---------------+----------------------+-----
Maces & Flails | 4 5 6 7 9 |  9.1
Fighting       | |  3.0
Spellcasting   | |  1.0
Fire Magic     | |  3.0

Action                     |  1- 3 |  4- 6 |  7- 9 || total
---------------------------+-------+-------+-------++-------
  Melee: Mace              |    88 |   153 |    13 ||   254
         Punch             |     1 |     2 |     2 ||     5
         Morningstar       |       |       |    67 ||    67
 Invoke: Foxfire Swarm     |       |       |     1 ||     1
         Fiery Armour      |       |       |     1 ||     1
 Armour: Ring mail         |    29 |       |       ||    29
         Chain mail        |    29 |    99 |    72 ||   200
  Dodge: Dodged            |    51 |    58 |    43 ||   152
